AoeStats
← skeezerrr

Lombardia

508431036Analyzed
3v3 RM · 11d ago on Sep 22, 2026· 62m 24s· 6 players
Game mode
Random Map
Map size
Normal (6 player)
Population
200
Speed
Normal
Resources
Standard
Victory
Conquest
Starting age
Dark Age
Ending age
Imperial Age
RankedLock teamsTeams togetherTeam positionsShared explorationLock speedFull tech treeHidden civsTurbo modeCheats
Victory
Defeat
🇬🇧 Mongols · United Kingdom
1196
+14
🇬🇧 Vietnamese · United Kingdom
1114
+17
🇬🇧 Slavs · United Kingdom
1112
+17
🇨🇳 Mongols · China
1215
-20
🇨🇳 Romans · China
1103
-14
🇹🇼 Persians · Taiwan
1100
-14
行云流水
3:52 Loom
10:48 Feudal Age
11:57 Double-Bit Axe
19:26 Castle Age
18:25 Horse Collar
20:17 Gold Mining
20:22 Stone Mining
20:36 Heavy Plow
20:48 Bow Saw
21:32 Wheelbarrow
22:54 Wheelbarrow
24:49 Gold Shaft Mining
29:18 Imperial Age
29:15 Squires
28:36 Man-at-Arms
28:39 Pikeman
30:37 Town Watch
31:09 Hand Cart
32:30 Crop Rotation
32:32 Town Patrol
32:21 Long Swordsman
32:28 Halberdier
33:14 Legionary
34:32 Scale Mail Armor
34:43 Forging
34:25 Fletching
34:21 Heavy Scorpion
36:11 Comitatenses
36:12 Conscription
37:00 Ballistas
37:20 Conscription
37:24 Ballistics
38:05 Chemistry
37:16 Masonry
38:59 Elite Centurion
41:54 Elite Centurion
43:44 Siege Engineers
43:36 Murder Holes
43:51 Fortified Wall
45:11 Architecture
49:06 Chain Mail Armor
49:27 Iron Casting
48:58 Scale Barding Armor
48:50 Bodkin Arrow
48:56 Padded Archer Armor
52:28 Blast Furnace
51:31 Caravan
57:02 Guard Tower
还有遗憾吗
12:20 Feudal Age
16:05 Castle Age
13:57 Double-Bit Axe
14:07 Stone Mining
14:35 Double-Bit Axe
15:26 Loom
17:45 Gold Mining
28:37 Imperial Age
27:01 Wheelbarrow
26:12 Town Watch
26:49 Bow Saw
26:23 Horse Collar
27:40 Gold Shaft Mining
27:55 Stone Shaft Mining
27:33 Heavy Plow
28:29 Padded Archer Armor
28:58 Fletching
29:56 Conscription
30:07 Husbandry
30:18 Bloodlines
31:00 Thumb Ring
30:59 Bodkin Arrow
31:22 Light Cavalry
32:45 Parthian Tactics
32:26 Bracer
32:44 Leather Archer Armor
33:46 Ballistics
34:26 Chemistry
33:24 Murder Holes
33:39 Masonry
34:57 Scale Barding Armor
35:05 Forging
36:01 Hand Cart
35:46 Town Patrol
36:00 Elite Mangudai
36:57 Fortified Wall
40:16 Iron Casting
40:03 Chain Barding Armor
39:35 Hussar
43:25 Blast Furnace
shyli1733
0:31 Loom
13:41 Feudal Age
14:08 Town Watch
14:15 Double-Bit Axe
22:23 Castle Age
21:40 Horse Collar
21:54 Gold Mining
21:57 Stone Mining
23:14 Wheelbarrow
23:28 Bow Saw
22:50 Pikeman
23:06 Crossbowman
30:21 Stone Shaft Mining
30:42 Bloodlines
32:23 Fletching
32:39 Scale Barding Armor
33:39 Heavy Plow
33:40 Elite Skirmisher
36:30 Gold Shaft Mining
36:26 Scale Mail Armor
37:36 Squires
40:11 Imperial Age
38:24 Chain Barding Armor
38:01 Bodkin Arrow
38:36 Hand Cart
39:13 Gambesons
39:52 Husbandry
39:41 Man-at-Arms
40:34 Forging
40:39 Chain Mail Armor
39:49 Heavy Camel Rider
41:12 Padded Archer Armor
40:43 Long Swordsman
43:37 Two-Man Saw
43:57 Chemistry
42:53 Murder Holes
43:34 Conscription
43:54 Plate Barding Armor
43:55 Iron Casting
42:49 Light Cavalry
43:37 Cavalier
45:06 Plate Mail Armor
46:48 Thumb Ring
46:27 Savar
47:19 Hussar
49:18 Blast Furnace
48:54 Crop Rotation
49:22 Citadels
50:18 Masonry
55:40 Hoardings
56:54 Leather Archer Armor
57:03 Heavy Scorpion
60:46 Architecture
Husain Bolt
7:06 Loom
11:44 Feudal Age
13:15 Double-Bit Axe
16:29 Castle Age
18:13 Stone Mining
20:12 Bow Saw
20:12 Horse Collar
21:16 Heavy Plow
24:14 Wheelbarrow
27:11 Fletching
27:22 Padded Archer Armor
28:33 Hand Cart
28:08 Town Watch
28:18 Gold Mining
30:54 Bodkin Arrow
35:40 Imperial Age
35:33 Ballistics
36:33 Leather Archer Armor
36:33 Bloodlines
36:24 Husbandry
38:23 Chemistry
37:34 Masonry
36:54 Light Cavalry
38:42 Hussar
41:23 Conscription
40:23 Elite Mangudai
42:40 Scale Barding Armor
42:46 Forging
44:18 Thumb Ring
45:59 Bracer
49:31 Caravan
49:18 Capped Ram
50:39 Drill
52:31 Gold Shaft Mining
55:02 Chain Barding Armor
55:18 Iron Casting
55:05 Siege Ram
60:11 Blast Furnace
skeezerrr
6:36 Loom
10:33 Feudal Age
11:03 Double-Bit Axe
11:56 Wheelbarrow
19:10 Castle Age
16:58 Town Watch
17:24 Stone Mining
17:26 Gold Mining
17:27 Stone Mining
17:54 Horse Collar
20:06 Bow Saw
22:42 Heavy Plow
31:05 Imperial Age
32:19 Crop Rotation
32:58 Two-Man Saw
32:51 Chatras
32:41 Elite Battle Elephant
34:08 Forging
33:49 Fletching
33:59 Padded Archer Armor
33:21 Elite Skirmisher
33:47 Treadmill Crane
34:44 Bloodlines
36:27 Husbandry
37:05 Iron Casting
36:31 Scale Mail Armor
36:37 Scale Barding Armor
36:30 Bodkin Arrow
36:50 Leather Archer Armor
36:25 Imperial Skirmisher
37:13 Thumb Ring
39:35 Capped Ram
42:13 Caravan
46:51 Bracer
47:21 Ring Archer Armor
47:12 Chain Barding Armor
47:16 Paper Money
53:45 Ballistics
54:26 Chemistry
61:21 Plate Barding Armor
migetsrus
6:45 Loom
9:51 Feudal Age
16:09 Castle Age
15:23 Horse Collar
15:31 Double-Bit Axe
18:45 Bow Saw
20:47 Heavy Plow
21:33 Sanctity
23:15 Wheelbarrow
22:27 Town Watch
24:42 Man-at-Arms
25:22 Squires
24:43 Pikeman
28:44 Hand Cart
31:01 Imperial Age
28:37 Long Swordsman
29:19 Scale Mail Armor
29:29 Forging
29:10 Fletching
29:20 Padded Archer Armor
31:07 Chain Mail Armor
31:28 Iron Casting
31:59 Fortified Wall
31:46 Murder Holes
31:35 Halberdier
32:37 Conscription
32:54 Detinets
33:01 Gold Mining
33:06 Stone Mining
32:59 Onager
33:56 Two-Handed Swordsman
35:07 Plate Mail Armor
35:38 Blast Furnace
34:33 Bodkin Arrow
36:05 Blast Furnace
36:46 Chemistry
35:57 Champion
37:23 Leather Archer Armor
37:26 Siege Onager
40:10 Ring Archer Armor
41:51 Druzhina
42:41 Siege Engineers
42:44 Capped Ram
44:37 Siege Ram
45:38 Scale Barding Armor
52:16 Caravan
52:46 Coinage
53:13 Crop Rotation
53:41 Hoardings
54:04 Sappers
54:55 Chain Barding Armor
54:58 Ballistics
54:30 Guard Tower
54:51 Masonry
Connection lost

Rejoining the realm…

Still unreachable

The connection could not be restored.

Session expired

The server has moved on; the page needs a fresh start.